 Dungeon Crawl Stone Soup version 0.29.1-2-gbd0b4ee654 (webtiles) character file.

Game seed: 6459176834947259480

926 qeuew the Trooper (level 8, -6/70 HPs)
             Began as a Hill Orc Fighter on Nov 8, 2022.
             Mangled by Pikel
             ... wielding a +0 whip of electrocution
              (19 damage)
             ... on level 5 of the Dungeon.
             The game lasted 00:14:50 (5560 turns).

qeuew the Trooper (Hill Orc Fighter)                Turns: 5560, Time: 00:14:50

Health: -6/70      AC: 11    Str: 21    XL:     8   Next: 10%
Magic:  8/8        EV: 11    Int:  8    God:
Gold:   191        SH:  0    Dex: 10    Spells: 7/7 levels left

rFire   . . .      SeeInvis .   a - +1 war axe
rCold   . . .      Faith    .   (no shield)
rNeg    . . .      Spirit   .   p - +3 ring mail "Zidgh" {Contam Harm Rampage rCorr}
rPois   +          Reflect  +   (no helmet)
rElec   .          Harm     +   n - +0 cloak
rCorr   +          Rampage  +   (no gloves)
Will    .....                   (no boots)
Stlth   ..........              b - amulet of reflection
HPRegen 0.21/turn               q - ring of resist corrosion
MPRegen 0.11/turn               r - ring of flight

@: confused, ambrosia-drunk, flying
A: hooves 1, poison resistance, shaggy fur 1
a: Convert to Beogh


You were on level 5 of the Dungeon.
You visited 1 branch of the dungeon, and saw 5 of its levels.
You also visited: Sewer.

You collected 191 gold pieces.

Inventory:

Hand Weapons
 a - a +1 war axe (weapon)
 e - the +1 arbalest of Plunder {freeze, Fly Str+3 Dex+2}
   (You found it on level 4 of the Dungeon)

   Any ammunition fired from it freezes those it strikes, dealing additional
   cold damage.
   It can also slow down cold-blooded creatures.
   Str:       It affects your strength (+3).
   Dex:       It affects your dexterity (+2).
   Fly:       It grants you flight.
Armour
 n - a +0 cloak (worn)
 p - the +3 ring mail "Zidgh" (worn) {Contam Harm Rampage rCorr}
   (You found it on level 2 of the Dungeon)

   Contam:    It causes magical contamination when unequipped.
   rCorr:     It protects you from acid and corrosion.
   Harm:      It increases damage dealt and taken.
   Rampage:   It bestows one free step when moving towards enemies.
Jewellery
 b - an amulet of reflection (around neck)
 q - a ring of resist corrosion (left hand)
 r - a ring of flight (right hand)
Scrolls
 f - a scroll of brand weapon
 k - a scroll of enchant weapon
 l - 3 scrolls of teleportation
 m - 2 scrolls of blinking
 o - a scroll of magic mapping {unknown}
 s - a scroll of enchant armour
 t - a scroll of identify
Potions
 c - 2 potions of haste
 g - a potion of resistance
 h - a potion of attraction
 i - 2 potions of brilliance


   Skills:
 + Level 5.8 Fighting
 + Level 5.7 Axes
 + Level 2.1 Ranged Weapons
 + Level 5.3 Armour
 + Level 2.8 Dodging
 + Level 5.2 Shields


You had 7 spell levels left.
You didn't know any spells.
Your spell library contained the following spells:

 Spells                   Type           Power      Damage    Failure   Level
 Apportation              Tloc           0%         N/A       56%         1
 Necrotise                Necr           0%         1d4       56%         1
 Slow                     Hex            0%         N/A       56%         1
 Summon Small Mammal      Summ           0%         N/A       56%         1
 Confusing Touch          Hex            0%         N/A       90%         3
 Vampiric Draining        Necr           0%         2d6       90%         3
 Alistair's Intoxication  Tmut/Pois      0%         N/A       100%        5


Dungeon Overview and Level Annotations

Branches:
Dungeon (5/15)              Sewer (visited)
 Temple: D:4-7

Altars:
Ashenzari
Elyvilon
Fedhas
Qazlal
Ru

Annotations:
D:5 Pikel


Innate Abilities, Weirdness & Mutations

You have large cloven feet.
Your system is resistant to poisons. (rPois)
You are covered in fur. (AC +1)


Message History

The orc priest casts a cantrip, but nothing happens.
You block Pikel's attack. The lemure barely misses you.
Unknown command.
You closely miss Pikel.
Pikel is heavily wounded.
You barely miss the lemure. You hit the lemure. x2
You block the lemure's attack.
The orc priest invokes the aid of Beogh against you.
Beogh smites you!
* * * LOW HITPOINT WARNING * * *
Pikel hits you but does no damage.
You are electrocuted!
* * * LOW HITPOINT WARNING * * *
The lemure closely misses you. You block the lemure's attack.
You hear a shout!
You feel better.
You hear a shout! x2
An orc comes into view. It is wielding a +0 falchion.
The lemure hits you but does no damage.
Pikel hits you with a +0 whip of electrocution.
* * * LOW HITPOINT WARNING * * *
The lemure hits you but does no damage. The lemure closely misses you.
The lemure attacks as you move away! The lemure hits you.
* * * LOW HITPOINT WARNING * * *
Pikel hits you with a +0 whip of electrocution.
* * * LOW HITPOINT WARNING * * *
You are confused.
You feel invigorated. Pikel hits you but does no damage. The lemure hits you.
* * * LOW HITPOINT WARNING * * *
You miss Pikel. You kick Pikel, but do no damage.
Pikel is heavily wounded.
You completely miss the lemure. The lemure hits you but does no damage.
The lemure hits you.
* * * LOW HITPOINT WARNING * * *
Pikel closely misses you.
You hit Pikel but do no damage. Your kick misses Pikel.
Pikel is heavily wounded.
You barely miss the lemure. You closely miss the lemure.
You hit the lemure but do no damage. The lemure hits you but does no damage.
Pikel hits you but does no damage.
You are electrocuted!
You die...

#############
.#.###.[.........####
..o..o)............>#
#5o..........#.#
#5K5.........#.#
#5@..........#.#
#............#.##
......#########..>.#
###+### #######
########..# ......#
.....# #......#..#
......# ..##.#
#.####.#..#
......#.#####.##.# #.#
#.#..#
......#....##.##.# #.#
#.#..#
......####.##.##.####.#
#.#).#


You could see Pikel, 4 lemures, an orc priest and an orc.

Vanquished Creatures
  Eustachio (D:5)
  A kobold brigand (Sewer)
  Blork the orc (D:5)
  A scorpion (D:4)
  A gnoll bouda (D:5)
  2 hounds
  An orc priest (D:5)
  Jessica (D:2)
  Natasha (twice) (D:2)
  2 iguanas (D:4)
  2 orc wizards (D:5)
  Robin (D:4)
  4 gnolls
  7 adders
  8 river rats
  4 worms
  3 dart slugs
  4 orcs (D:5)
  5 endoplasms
  6 giant cockroaches
  15 goblins
  14 hobgoblins
  9 quokkas
  7 ball pythons
  2 bats
  6 frilled lizards
  16 kobolds
  23 rats
149 creatures vanquished.

Vanquished Creatures (others)
  8 plants (D:3)
8 creatures vanquished.

Grand Total: 157 creatures vanquished

Notes
Turn   | Place    | Note
-------+----------+-------------------------------------------
     0 | D:1      | qeuew the Hill Orc Fighter began the quest for the Orb.
     0 | D:1      | Reached XP level 1. HP: 19/19 MP: 1/1
   146 | D:1      | Reached XP level 2. HP: 27/27 MP: 2/2
   220 | D:1      | Found a faded altar of an unknown god.
   572 | D:1      | Reached XP level 3. HP: 32/33 MP: 3/3
  1002 | D:1      | You fall into a shaft and drop 1 floor!
  1213 | D:2      | Noticed Jessica
  1222 | D:2      | Killed Jessica
  1223 | D:2      | Reached skill level 1 in Dodging
  1223 | D:2      | Reached XP level 4. HP: 23/40 MP: 4/4
  2167 | D:2      | Identified the +3 ring mail "Zidgh" {Contam Harm Rampage
                  | rCorr}
  2333 | D:3      | Noticed Natasha
  2339 | D:3      | Reached XP level 5. HP: 28/47 MP: 5/5
  2344 | D:2      | Killed Natasha
  2491 | D:2      | Noticed Natasha
  2495 | D:2      | Killed Natasha
  2830 | D:3      | Found a white marble altar of Elyvilon.
  3007 | D:3      | Found a sacrificial altar of Ru.
  3228 | D:4      | Identified the +1 arbalest of Plunder {freeze, Fly Str+3
                  | Dex+2}
  3267 | D:4      | Reached XP level 6. HP: 53/53 MP: 6/6
  3305 | D:4      | Found a glowing drain.
  3315 | Sewer    | Entered a sewer
  3436 | Sewer    | Reached skill level 5 in Fighting
  3970 | D:4      | Reached skill level 1 in Ranged Weapons
  3970 | D:4      | Reached XP level 7. HP: 61/61 MP: 7/7
  4007 | D:4      | Found a stormy altar of Qazlal.
  4023 | D:4      | Found a blossoming altar of Fedhas.
  4079 | D:4      | Reached skill level 5 in Axes
  4527 | D:4      | Noticed Robin
  4540 | D:4      | Killed Robin
  4624 | D:4      | Found a broken altar of Ashenzari.
  4796 | D:4      | Gained mutation: A frigid envelope surrounds you and
                  | freezes all who hurt you. [potion of mutation]
  4797 | D:4      | Lost mutation: A frigid envelope surrounds you and freezes
                  | all who hurt you. [potion of mutation]
  4797 | D:4      | Gained mutation: You have large cloven feet. [potion of
                  | mutation]
  4797 | D:4      | Gained mutation: Your system is resistant to poisons.
                  | (rPois) [potion of mutation]
  4797 | D:4      | Gained mutation: You are covered in fur. (AC +1) [potion of
                  | mutation]
  4812 | D:5      | Entered Level 5 of the Dungeon
  4842 | D:5      | Noticed Eustachio
  4874 | D:5      | Reached skill level 5 in Armour
  4909 | D:5      | Killed Eustachio
  4910 | D:5      | Reached skill level 5 in Shields
  5249 | D:5      | Noticed Blork the orc
  5254 | D:5      | Killed Blork the orc
  5255 | D:5      | Reached XP level 8. HP: 64/70 MP: 8/8
  5543 | D:5      | Noticed Pikel
  5554 | D:5      | HP: 3/70 [Pikel/+0 whip of electrocution (18)]
  5560 | D:5      | Mangled by Pikel

Illustrated notes

Levels and vault maps discovered:
D:1:      dpeg_arrival_long_road, layout_basic,
          shapermc_ecumenical_altar_acropolis
D:2:      minmay_wonky_spiral, layout_loops_cross, uniq_jessica
D:3:      cheibrodos_helix_gallery, layout_rooms, nicolae_elyvilon_temple_path,
          nicolae_ru_path_of_blood, uniq_natasha
D:4:      layout_loops_ring, grunt_temple_overflow_forces_of_nature,
          nicolae_overflow_hidden_temple, gup_sewer_entry_bubbles,
          nicolae_elevator_lobby_asterisk, uniq_robin
D:5:      layout_basic, uniq_blork_the_orc, uniq_pikel, uniq_eustachio

Skill      XL: |  1  2  3  4  5  6  7 |
---------------+----------------------+-----
Axes           | 3 4 5 |  5.7
Fighting       | 4 5 |  5.8
Dodging        | 1 2 |  2.8
Armour         | 4 5 |  5.3
Shields        | 4 5 |  5.2
Ranged Weapons | 1 2 |  2.1

Action                   |  1- 3 |  4- 6 |  7- 9 || total
-------------------------+-------+-------+-------++-------
Melee: War axe           |    80 |   120 |   101 ||   301
       Kick              |       |       |    15 ||    15
       Punch             |       |       |     1 ||     1
 Fire: Arbalest          |       |    96 |    41 ||   137
  Use: Scroll            |     2 |    10 |     2 ||    14
       Potion            |     1 |     3 |     6 ||    10
Armor: Scale mail        |    31 |    26 |       ||    57
       Ring mail         |       |    57 |    61 ||   118
Dodge: Dodged            |    33 |   101 |    56 ||   190
Block: Buckler           |    15 |    30 |       ||    45
       Other             |       |    21 |    37 ||    58
       Reflection        |       |     2 |       ||     2
